 Dungeon Crawl Stone Soup version 0.17-a0-2027-gcac42c4 (webtiles) character file.

350 radek the Skirmisher (level 6, -3/67 HPs)
             Began as an Ogre Berserker on Oct 9, 2015.
             Was a Priest of Trog.
             Slain by an ogre
             ... wielding a +0 giant club
              (33 damage)
             ... on level 4 of the Dungeon on Oct 10, 2015.
             The game lasted 00:30:58 (4133 turns).

radek the Skirmisher (Ogre Berserker)               Turns: 4133, Time: 00:30:59

Health: -3/67      AC:  3    Str: 25    XL:     6   Next: 61%
Magic:  6/6        EV:  6    Int:  6    God:    Trog [***...]
Gold:   147        SH:  0    Dex:  9    Spells: 0 memorised, 5 levels left

rFire  . . .     SeeInvis .     i - +2 dagger (pain)
rCold  . . .     Clarity  .     b - +0 animal skin
rNeg   . . .     SustAt   .     (no shield)
rPois  .         Gourm    .     (helmet restricted)
rElec  .         Spirit   .     (no cloak)
rCorr  .         Warding  .     (gloves unavailable)
rMut   .         Stasis   .     (boots unavailable)
MR     .....                    (no amulet)
Stlth  +.........               (no ring)
                                (no ring)

@: not resistant to hostile enchantments, very unstealthy
A: unfitting armour, tough skin 1
a: Burn Spellbooks, Berserk, Trog's Hand, Renounce Religion


You were on level 4 of the Dungeon.
You worshipped Trog.
Trog was most pleased with you.
You were not hungry.

You visited 1 branch of the dungeon, and saw 5 of its levels.

You collected 147 gold pieces.

Inventory:

Hand Weapons
 a - a +0 hand axe
 c - a +0 falchion
 e - a +0 hand axe
 h - a +0 short sword
 i - a +2 dagger of pain (weapon)
 r - a +0 hand axe
 x - a +1 dagger of freezing
Missiles
 j - 2 poisoned tomahawks (quivered)
Armour
 b - a +0 animal skin (worn)
 q - a +0 robe
Jewellery
 k - a cursed -2 ring of strength {unknown}
 n - an uncursed ring of positive energy {unknown}
 y - an uncursed amulet of guardian spirit {unknown}
Wands
 f - a wand of slowing (20)
 G - a wand of slowing (21)
Scrolls
 d - 7 scrolls of identify {unknown}
 l - 2 scrolls of enchant weapon {unknown}
 m - 2 scrolls of remove curse {unknown}
 o - a scroll of fog {unknown}
 w - a scroll of enchant armour {unknown}
 E - a scroll of amnesia {unknown}
 F - a scroll of recharging {unknown}
Potions
 s - a potion of magic {unknown}
 t - a potion of mutation {unknown}
 u - a potion of ambrosia {unknown}
 v - 2 potions of degeneration {unknown}
 z - a potion of agility {unknown}
 A - a potion of lignification {unknown}
 B - a potion of heal wounds {unknown}
 C - a potion of flight {unknown}
Comestibles
 g - 4 slices of pizza
 p - 4 meat rations


   Skills:
 + Level 5.9 Fighting
 + Level 1.2 Short Blades
 + Level 2.6 Axes
 + Level 0.4 Throwing
 + Level 4.9 Dodging
 + Level 0.5 Stealth


You had 5 spell levels left.
You didn't know any spells.

Dungeon Overview and Level Annotations

Branches:
Dungeon (5/15)
 Temple: D:4-7

Altars:
Cheibriados
Sif Muna


Innate Abilities, Weirdness & Mutations

You are too large for most types of armour.
You have tough skin (AC +1).


Message History

There is a stone staircase leading down here.
You see here 17 stones.
Found a robe.
v - 2 fizzy emerald potions (gained 1)
An ogre comes into view. It is wielding a giant club.
The ogre shouts!
You hit the ogre.
The ogre is lightly wounded.
The ogre hits you with a giant club!
You hit the ogre.
The ogre is lightly wounded.
The ogre completely misses you.
You hit the ogre but do no damage.
The ogre is lightly wounded.
You hit the ogre but do no damage.
The ogre is lightly wounded.
The ogre hits you with a giant club!!
There is a stone staircase leading up here.
The ogre hits you with a giant club!!
You die...

#........# #......
#.# #.##.# #.#####
#.# #.##.# #.# #.#
#.##.# #.# #.# #.##.#
#.# #.#
#<##.####.####
#.###.##.........#
#.O.(.>...###<##.#
##@##.###.# #.##.##
#...#.# #.###.....#
........ ...........
###...#####.#........
##.## #........## #.#
###.###.### #.# #.
...# # #.# # .... #
....# #


You could see an ogre.

Vanquished Creatures
  A phantom (D:4)
  A scorpion (D:4)
  Ijyb (D:2)
  Natasha (thrice) (D:3)
  A gnoll (D:4)
  5 adders
  2 oozes
  3 worms
  An orc (D:3)
  2 ball pythons (D:2)
  3 bats
  3 giant cockroaches
  11 hobgoblins
  5 jackals
  A quokka (D:2)
  7 giant newts
  14 goblins
  9 kobolds
  9 rats
82 creatures vanquished.

Notes
Turn   | Place    | Note
--------------------------------------------------------------
     0 | D:1      | radek the Ogre Berserker began the quest for the Orb.
     0 | D:1      | Reached XP level 1. HP: 24/24 MP: 1/1
   184 | D:1      | Reached XP level 2. HP: 14/32 MP: 2/2
   853 | D:1      | Reached XP level 3. HP: 33/40 MP: 3/3
   978 | D:2      | Acquired Trog's second power
  1232 | D:2      | Noticed Ijyb
  1251 | D:2      | Killed Ijyb
  1251 | D:2      | Reached XP level 4. HP: 17/49 MP: 4/4
  1505 | D:2      | Reached skill level 5 in Fighting
  2152 | D:3      | Reached XP level 5. HP: 34/57 MP: 5/5
  2353 | D:3      | Noticed Natasha
  2361 | D:3      | Killed Natasha
  2466 | D:3      | Noticed Natasha
  2524 | D:3      | Killed Natasha
  3155 | D:3      | Upgraded the game from 0.17-a0-2014-g32cd421 to 0.17-a0-2027-gcac42c4
  3176 | D:5      | Entered Level 5 of the Dungeon
  3357 | D:3      | Noticed Natasha
  3361 | D:3      | Killed Natasha
  3472 | D:4      | Reached XP level 6. HP: 55/66 MP: 6/6
  3663 | D:4      | Found a snail-covered altar of Cheibriados.
  3675 | D:4      | Reached skill level 1 in Short Blades
  3727 | D:4      | Noticed a phantom
  3751 | D:4      | Killed a phantom
  4064 | D:4      | Found a deep blue altar of Sif Muna.
  4121 | D:4      | Noticed an ogre
  4133 | D:4      | Slain by an ogre

Vault maps used:
D:1:      sevenhm_arrival_forest_fort_small_4, minmay_misc_feat_x
D:2:      uniq_iyjb
D:3:      grunt_decor_arrowhead, kennysheep_decorative_pillar, uniq_natasha
D:4:      kennysheep_little_box, first_bread, serial_shops, shop,
          cheibriados_altar_wand_db
D:5:      minmay_temple_entry_grid

Action                   |  1- 3 |  4- 6 || total
-------------------------+-------+-------++-------
Melee: Hand axe          |    25 |       ||    25
       Dagger            |   110 |   246 ||   356
Throw: Tomahawk          |     3 |     3 ||     6
Invok: Berserk           |     2 |     6 ||     8
       Trog's Hand       |       |     2 ||     2
  Use: Potion            |       |     1 ||     1
  Eat: Chunk             |     2 |     5 ||     7
       Bread ration      |       |     3 ||     3
